 Dungeon Crawl Stone Soup version 0.29.1-13-g9f3cf754e1 (webtiles) character file.

Game seed: 6821483175441181486

1660 nightchill the Chiller (level 9, 0/52 HPs)
             Began as a Gargoyle Ice Elementalist on Feb 5, 2023.
             Was an Initiate of Ashenzari.
             Slain by a two-headed ogre
             ... wielding a +0 giant club
              (24 damage)
             ... on level 6 of the Dungeon.
             The game lasted 00:17:58 (6219 turns).

nightchill the Chiller (Gargoyle Ice Elementalist)  Turns: 6219, Time: 00:17:59

Health: 0/52       AC: 10    Str: 11    XL:     9   Next: 0%
Magic:  8/15       EV: 11    Int: 21    God:    Ashenzari [......]
Gold:   299        SH:  0    Dex: 10    Spells: 13/17 levels left

rFire   . . .      SeeInvis .   a - +1 whip (elec)
rCold   . . .      Faith    .   (no shield)
rNeg    + . .      Spirit   .   k - +0 robe
rPois   ∞          Reflect  .   y - +0 helmet "Ruined With Me" {Fort, Elem} (curse)
rElec   +          Harm     .   (no cloak)
rCorr   .          Rampage  .   x - +0 pair of gloves
Will    .....                   (no boots)
Stlth   ++........              f - amulet of the acrobat
HPRegen 0.17/turn               (no ring)
MPRegen 0.14/turn               (no ring)

@: freezing walls
A: sickness immunity, AC +6, negative energy resistance 1, electricity
resistance, torment resistance 1, petrification resistance
a: Renounce Religion, Shatter the Chains


You were on level 6 of the Dungeon.
You worshipped Ashenzari.
Ashenzari was noncommittal.
You visited 2 branches of the dungeon, and saw 7 of its levels.
You also visited: Sewer.

You collected 299 gold pieces.

Inventory:

Hand Weapons
 a - a +1 whip of electrocution (weapon)
 b - a +0 sling
 e - a +0 short sword
 i - a +2 vampiric dagger
 C - a +2 whip of freezing
Missiles
 z - 5 silver javelins
 H - a throwing net
Armour
 c - a +0 buckler
 k - a +0 robe (worn)
 x - a +0 pair of gloves (worn)
 y - the cursed +0 helmet "Ruined With Me" (worn) {Fort, Elem}
   (You took it off Robin on level 4 of the Dungeon)

   It has a curse which improves the following skills: Fortitude: Armour and
   Shields.
   Elements:  Fire Magic, Ice Magic, Air Magic and Earth Magic.
Magical Staves
 p - a staff of fire
Jewellery
 f - an amulet of the acrobat (around neck)
Wands
 m - a wand of light (3)
 E - a wand of digging (5)
 I - a wand of flame (9)
Scrolls
 d - a scroll of enchant armour {unknown}
 l - a scroll of torment {unknown}
 n - a scroll of blinking
 o - 2 scrolls of fear
 s - a scroll of noise {unknown}
 t - a scroll of immolation {unknown}
 v - 3 scrolls of teleportation
 A - a scroll of acquirement {unknown}
 B - 2 scrolls of magic mapping {unknown}
 D - a scroll of vulnerability {unknown}
 J - a scroll of identify
Potions
 g - 2 potions of brilliance {unknown}
 h - 2 potions of curing
 j - 2 potions of invisibility
 q - a potion of heal wounds {unknown}
 r - a potion of magic
 u - a potion of mutation {unknown}
 w - 2 potions of might {unknown}
 F - a potion of berserk rage {unknown}
 G - a potion of lignification {unknown}


   Skills:
 + Level 4.3 Fighting
 * Level 5.9 Maces & Flails
 - Level 1.5 Dodging
 - Level 2.1 Stealth
 + Level 4.6 Spellcasting
 * Level 7.9(8.4) Ice Magic


You had 13 spell levels left.
You knew the following spells:

 Your Spells              Type           Power      Damage    Failure   Level
a - Freeze                Ice            100%       1d11      1%          1
b - Frozen Ramparts       Ice            80%        1d13      1%          3

Your spell library contained the following spells:

 Spells                   Type           Power      Damage    Failure   Level
 Ozocubu's Armour         Ice            40%        N/A       1%          3
 Blink                    Tloc           8%         N/A       17%         2
 Poisonous Vapours        Pois/Air       8%         N/A       17%         2
 Scorch                   Fire           8%         2d5       17%         2
 Hailstorm                Conj/Ice       22%        3d7       21%         4
 Stone Arrow              Conj/Erth      8%         3d7       34%         3
 Flame Wave               Conj/Fire      4%         2d5       73%         4
 Animate Armour           Summ/Erth      8%         N/A       75%         4
 Corpse Rot               Necr/Pois/Air  4%         N/A       75%         4
 Manifold Assault         Tloc           4%         N/A       97%         5
 Summon Cactus Giant      Summ           2%         N/A       100%        6
 Storm Form               Tmut/Air       2%         N/A       100%        7
 Lehudib's Crystal Spear  Conj/Erth      2%         10d2      100%        8


Dungeon Overview and Level Annotations

Branches:
Dungeon (6/15)             Temple (1/1) D:5           Sewer (visited)

Altars:
Ashenzari
Cheibriados
Dithmenos
Elyvilon
Fedhas
Gozag
Hepliaklqana
Kikubaaqudgha
Makhleb
Nemelex Xobeh
Okawaru
Ru
Sif Muna
Trog
Uskayaw
Vehumet
Wu Jian
Xom
Yredelemnul
Zin
The Shining One

Shops:
D:3 !

Annotations:
D:5 exclusion: downstairs
D:6 3 runed translucent doors, exclusion: komodo dragon, gargbit's ghost, novice DsGl


Innate Abilities, Weirdness & Mutations

You are immune to sickness and miasma.
Your stone body is resilient. (AC +6)
You are immune to poison.
You resist negative energy. (rN+)
You are resistant to electric shocks. (rElec)
You are resistant to unholy torment.
You are immune to petrification.


Message History

The water moccasin bites you.
Casting: Frozen Ramparts (safe; 1% risk of failure)
Confirm with . or Enter, or press ? or * to list all spells.
Aiming: Freeze (safe; 1% risk of failure)
Press: ? - help, Shift-Dir - straight line, f - water moccasin
Aim: a water moccasin (almost dead)
You freeze the water moccasin!
You kill the water moccasin!
You have reached level 9!
Your experience leads to an increase in your attributes!
Increase (s)trength, (i)ntelligence, or (d)exterity?
You feel clever. x2
Casting: Freeze (safe; 1% risk of failure)
Confirm with . or Enter, or press ? or * to list all spells.
Casting: Frozen Ramparts (safe; 1% risk of failure)
Press: ? - help, Dir - look around, f - activate The walls around you are covered in ice.
The wall freezes the two-headed ogre!
The two-headed ogre hits you with a +0 giant club!
* * * LOW HITPOINT WARNING * * *
The two-headed ogre closely misses you.
Casting: Frozen Ramparts (safe; 1% risk of failure)
Confirm with . or Enter, or press ? or * to list all spells.
Aiming: Freeze (safe; 1% risk of failure)
Press: ? - help, Shift-Dir - straight line, f - two-headed ogre
Aim: a two-headed ogre, wielding two +0 giant clubs (lightly wounded)
You freeze the two-headed ogre!
The two-headed ogre is moderately wounded.
Casting: Freeze (safe; 1% risk of failure)
Confirm with . or Enter, or press ? or * to list all spells.
Aiming: Freeze (safe; 1% risk of failure)
Press: ? - help, Shift-Dir - straight line, f/p - two-headed ogre
Aim: a two-headed ogre, wielding two +0 giant clubs (moderately wounded)
You freeze the two-headed ogre.
The two-headed ogre is moderately wounded.
The wall freezes the two-headed ogre but does no damage.
The two-headed ogre hits you with a +0 giant club.
* * * LOW HITPOINT WARNING * * *
The two-headed ogre hits you with a +0 giant club!!
You die...

............... #....
..._........... #....
............... #....
............. #l...
...⌠....... .......
.........# .$......
._..._..### #+++###.
..........# # ...W.#.
........O@#
..#...hWl.#.
#.####.#..####..#..#
#.l#. #
#.#........#.#...#J#.
..###..##..#..#.#..#.
### ##.##..#..o/$..#.
#.##..#..hll. #.
#.##..#########.
#...............
###.............


You could see a two-headed ogre.

Vanquished Creatures
  Pikel (D:5)
  A water moccasin (D:6)
  A black bear (D:4)
  A lemure (D:5)
  2 phantoms
  2 bullfrogs (Sewer)
  A necrophage (D:6)
  2 scorpions (D:5)
  A howler monkey (D:6)
  2 hounds (D:5)
  A jelly (D:5)
  A gnoll bouda (D:5)
  An orc priest (D:5)
  3 orc wizards (D:5)
  An iguana (D:5)
  Robin (D:4)
  7 gnolls
  3 adders
  3 dart slugs
  20 orcs
  3 bats (D:1)
  17 endoplasms
  12 giant cockroaches
  6 hobgoblins
  4 jackals (D:1)
  7 kobolds
  16 quokkas
  8 ball pythons
  10 frilled lizards
  8 goblins
  2 rats (D:1)
148 creatures vanquished.

Vanquished Creatures (others)
  4 plants (D:1)
4 creatures vanquished.

Grand Total: 152 creatures vanquished

Notes
Turn   | Place    | Note
-------+----------+-------------------------------------------
     0 | D:1      | nightchill the Gargoyle Ice Elementalist began the quest
                  | for the Orb.
     0 | D:1      | Reached XP level 1. HP: 10/10 MP: 3/3
   126 | D:1      | Found a faded altar of an unknown god.
   183 | D:1      | Reached XP level 2. HP: 11/15 MP: 0/5
   519 | D:1      | Reached XP level 3. HP: 13/19 MP: 3/6
   693 | D:1      | Learned a level 3 spell: Frozen Ramparts
  1353 | D:2      | You fall into a shaft and drop 2 floors!
  1362 | D:3      | Found Digeatuth's Distillery.
  1390 | D:3      | Found a glowing drain.
  1460 | Sewer    | Entered a sewer
  1479 | Sewer    | Reached XP level 4. HP: 13/24 MP: 7/7
  1638 | Sewer    | Reached skill level 5 in Ice Magic
  1917 | Sewer    | Reached skill level 1 in Maces & Flails
  2537 | Sewer    | Noticed a bullfrog
  2537 | Sewer    | Noticed a bullfrog
  2547 | Sewer    | Reached XP level 5. HP: 28/28 MP: 5/9
  2548 | Sewer    | Reached skill level 1 in Fighting
  2556 | Sewer    | Reached XP level 6. HP: 35/35 MP: 3/10
  3460 | D:4      | Noticed a black bear
  3475 | D:4      | Killed a black bear
  3655 | D:4      | Noticed Robin
  3713 | D:4      | Killed Robin
  3859 | D:4      | Reached skill level 6 in Ice Magic
  3987 | D:4      | Reached XP level 7. HP: 26/40 MP: 10/12
  4375 | D:5      | Entered Level 5 of the Dungeon
  4469 | D:5      | Found a staircase to the Ecumenical Temple.
  4478 | Temple   | Entered the Ecumenical Temple
  4528 | Temple   | Became a worshipper of Ashenzari the Shackled
  4713 | D:5      | Noticed Pikel
  4727 | D:5      | Killed Pikel
  4728 | D:5      | Reached skill level 5 in Maces & Flails
  4728 | D:5      | Reached skill level 7 in Ice Magic
  4728 | D:5      | Reached XP level 8. HP: 8/48 MP: 3/14
  6135 | D:6      | Noticed a komodo dragon
  6136 | D:6      | Found a runed translucent gate.
  6148 | D:6      | Noticed a slime creature
  6149 | D:6      | Found a runed translucent gate.
  6150 | D:6      | Found a runed translucent gate.
  6150 | D:6      | Noticed gargbit's ghost (novice DsGl)
  6199 | D:6      | Found a hide-covered altar of Uskayaw.
  6205 | D:6      | Found a blossoming altar of Fedhas.
  6206 | D:6      | Found a hazy altar of Hepliaklqana.
  6206 | D:6      | Noticed a two-headed ogre
  6216 | D:6      | Reached XP level 9. HP: 39/52 MP: 13/15
  6219 | D:6      | Slain by a two-headed ogre

Illustrated notes

Levels and vault maps discovered:
D:1:      eino_arrival_water_cross, layout_basic, basic_ecumenical_altar
D:2:      layout_rooms, serial_shops, nicolae_shop_bloodbath_and_beyond,
          basic_altar
D:3:      layout_loops_ring, serial_shops, shop, gup_sewer_entry_pipe
D:4:      layout_basic, uniq_robin
D:5:      layout_loops_ring, minmay_temple_entry_sparse_star,
          minmay_fractal_squares_5, uniq_pikel
D:6:      layout_basic, grunt_temple_overflow_open, gammafunk_ghost_split,
          chequers_garden, uniq_prince_ribbit1
Temple:   compressed_dpeg_circular_temple

Skill      XL: |  1  2  3  4  5  6  7  8 |
---------------+-------------------------+-----
Ice Magic      | 5 6 7 |  7.9
Maces & Flails | 1 2 3 5 |  5.9
Fighting       | 1 2 3 4 |  4.3
Spellcasting   | 3 4 |  4.6
Dodging        | |  1.5
Stealth        | |  2.1

Action                   |  1- 3 |  4- 6 |  7- 9 || total
-------------------------+-------+-------+-------++-------
Melee: Unarmed           |     3 |       |       ||     3
       Short sword       |    23 |       |       ||    23
       Whip              |    28 |   189 |   116 ||   333
 Cast: Freeze            |    29 |     7 |     8 ||    44
       Frozen Ramparts   |     5 |    12 |    12 ||    29
Invok: Curse Item        |       |       |     1 ||     1
  Use: Scroll            |       |     4 |       ||     4
       Potion            |       |       |     2 ||     2
 Stab: Sleeping          |     4 |     1 |       ||     5
Armor: Robe              |    28 |    55 |    31 ||   114
Dodge: Dodged            |    43 |   125 |    58 ||   226
